 Dungeon Crawl Stone Soup version 0.31-a0-865-g3d5d91748a (webtiles) character file.

Game seed: 12580461990029466371

218850 DocEon the Archmage (level 18, -2/92 HPs)
             Began as a Deep Elf Conjurer on Oct 10, 2023.
             Was the Champion of Vehumet.
             Slain by a deep elf blademaster
             ... wielding a +0 rapier
              (17 damage)
             ... on level 3 of the Elven Halls.
             The game lasted 01:00:45 (38760 turns).

DocEon the Archmage (Deep Elf Conjurer)            Turns: 38760, Time: 01:00:46

Health: -2/92      AC: 11    Str: 13    XL:     18   Next: 43%
Magic:  34/60      EV: 18    Int: 36    God:    Vehumet [******]
Gold:   2005       SH: 14    Dex: 23    Spells: 16/71 levels left

rFire   + . .        H - +8 hand axe of Skirmishing {drain, Int+4 Dex+2 SInv}
rCold   + + .        N - +1 kite shield {rN+}
rNeg    + . .        a - +2 robe {rC+ rF+}
rPois   +            P - +2 helmet
rElec   .            t - +2 cloak
rCorr   .            (no gloves)
SInv    +            x - +0 pair of boots
Will    ++...        Y - amulet of magic regeneration
Stlth   ++++         K - ring of Ewnaosmin {Contam MP+9 Str+6}
HPRegen 0.35/turn    U - ring of Kaschuufa {rPois rC+ Will+ Str+3 Dex+8}
MPRegen 0.77/turn

%: no passive effects
@: no status effects
A: no striking features
}: 1/15 runes: serpentine
a: Renounce Religion


You were on level 3 of the Elven Halls.
You worshipped Vehumet.
Vehumet was exalted by your worship.
You visited 7 branches of the dungeon, and saw 31 of its levels.
You visited 1 bazaar.
You also visited: Ice Cave.

You collected 3534 gold pieces.
You spent 1529 gold pieces at shops.

Inventory:

Hand Weapons
 H - the +8 hand axe of Skirmishing (weapon) {drain, Int+4 Dex+2 SInv}
   (You found it on level 10 of the Dungeon)

   Int+4:     It affects your intelligence (+4).
   Dex+2:     It affects your dexterity (+2).
   SInv:      It lets you see invisible.
 V - a +2 eveningstar of draining
Missiles
 n - 3 throwing nets
Armour
 a - a +2 robe of resistance (worn)
 t - a +2 cloak (worn)
 x - a +0 pair of boots (worn)
 N - a +1 kite shield of positive energy (worn)
 P - a +2 helmet (worn)
Magical Staves
 O - a staff of fire
Jewellery
 k - a ring of positive energy
 l - an amulet of regeneration
 q - a ring of flight
 w - an amulet of reflection
 B - a ring of resist corrosion
 K - the ring of Ewnaosmin (left hand) {Contam MP+9 Str+6}
   (You found it on level 2 of the Lair of Beasts)

   [ring of magical power]

   Str+6:     It affects your strength (+6).
   MP+9:      It affects your magic capacity (+9).
   Contam:    It causes magical contamination when unequipped.
 U - the ring of Kaschuufa (right hand) {rPois rC+ Will+ Str+3 Dex+8}
   (You bought it in a shop on level 8 of the Dungeon)

   [ring of dexterity]

   Str+3:     It affects your strength (+3).
   Dex+8:     It affects your dexterity (+8).
   rC+:       It protects you from cold.
   rPois:     It protects you from poison Will+: It increases your willpower.
 W - a +6 ring of intelligence
 X - a ring of magical power
 Y - an amulet of magic regeneration (around neck)
Wands
 i - a wand of charming (4)
 o - a wand of iceblast (39)
 s - a wand of mindburst (10)
 C - a wand of flame (42)
 D - a wand of digging (6)
 I - a wand of polymorph (13)
 M - a wand of quicksilver (10)
Scrolls
 d - 17 scrolls of teleportation
 h - 3 scrolls of silence
 j - 5 scrolls of revelation
 p - a scroll of enchant armour
 r - 4 scrolls of amnesia
 y - a scroll of summoning
 A - 2 scrolls of fog
 G - a scroll of poison
 J - 3 scrolls of blinking
 Q - 4 scrolls of enchant weapon
 T - 10 scrolls of identify
 Z - 4 scrolls of fear
Potions
 b - 4 potions of might
 c - 7 potions of haste
 e - 2 potions of brilliance
 f - 13 potions of curing
 g - 2 potions of lignification
 m - 5 potions of mutation
 u - 4 potions of magic
 v - 4 potions of cancellation
 z - a potion of berserk rage {unknown}
 E - a potion of resistance
 F - 5 potions of enlightenment
 L - 2 potions of invisibility
 R - 2 potions of degeneration {unknown}
 S - 4 potions of heal wounds


   Skills:
 - Level 3.6 Fighting
 + Level 9.5 Dodging
 - Level 6.2 Stealth
 * Level 8.8 Shields
 O Level 27 Spellcasting
 * Level 19.3 Conjurations
 - Level 4.0 Hexes
 - Level 4.0 Translocations
 - Level 5.0 Fire Magic
 - Level 13.3 Ice Magic
 + Level 5.0 Earth Magic


You had 16 spell levels left.
You knew the following spells:

 Your Spells              Type           Power      Damage    Failure   Level
a - Magic Dart            Conj           100%       1d8       0%          1
b - Searing Ray           Conj           100%       2d8       0%          2
c - Fulminant Prism       Conj/Hex       46%        3d20      1%          4
d - Iskenderun's Mystic   Conj/Tloc      93%        2d18      1%          4
e - Ozocubu's Armour      Ice            97%        N/A       0%          3
f - Ozocubu's Refrigerat  Ice            48%        4d18      1%          7
g - Mephitic Cloud        Conj/Pois/Air  76%        N/A       1%          3
h - Fireball              Conj/Fire      47%        3d19      1%          5
i - Freezing Cloud        Conj/Ice/Air   45%        6-21      1%          5
j - Lehudib's Crystal Sp  Conj/Erth      47%        10d11     13%         8
k - Maxwell's Capacitive  Air            24%        ∞         100%        8
z - Iskenderun's Battles  Conj           100%       2d15      0%          5

Your spell library contained the following spells:

 Spells                   Type           Power      Damage    Failure   Level
 Polar Vortex             Ice            48%        12d6*     71%         9
 Fire Storm               Conj/Fire      47%        8d12      83%         9
 Shatter                  Erth           35%        3d28*     100%        9
 Foxfire                  Conj/Fire      100%       2x1d9     0%          1
 Kiss of Death            Conj/Necr      100%       2d13      0%          1
 Frozen Ramparts          Ice            100%       1d16      0%          3
 Stone Arrow              Conj/Erth      100%       3d13      0%          3
 Summon Small Mammal      Summ           100%       N/A       1%          1
 Call Imp                 Summ           96%        N/A       1%          2
 Confusing Touch          Hex            67%        N/A       1%          3
 Dazzling Flash           Conj/Hex       100%       N/A       1%          3
 Ignite Poison            Fire/Tmut/Pois 57%        N/A       1%          3
 Inner Flame              Hex/Fire       69%        N/A       1%          3
 Summon Guardian Golem    Hex/Summ       58%        N/A       1%          3
 Tukima's Dance           Hex            67%        N/A       1%          3
 Cause Fear               Hex            33%        N/A       1%          4
 Flame Wave               Conj/Fire      94%        2d20      1%          4
 Passage of Golubria      Tloc           67%        N/A       1%          4
 Sticky Flame             Conj/Fire      94%        2d10      1%          4
 Arcjolt                  Conj/Air       43%        1d53      1%          5
 Metabolic Englaciation   Hex/Ice        42%        N/A       1%          5
 Starburst                Conj/Fire      47%        6d13      1%          6
 Call Canine Familiar     Summ           48%        N/A       3%          3
 Animate Armour           Summ/Erth      100%       N/A       3%          4
 Petrify                  Tmut/Erth      61%        N/A       3%          4
 Yara's Violent Unravell  Hex/Tmut       29%        3d12      3%          5
 Vhi's Electric Charge    Tloc/Air       100%       N/A       4%          4
 Animate Dead             Necr           48%        N/A       11%         4
 Dispel Undead            Necr           48%        3d18      11%         4
 Borgnjor's Vile Clutch   Necr/Erth      30%        N/A       11%         5
 Plasma Beam              Fire/Air       30%        2x1d43    16%         6
 Alistair's Intoxication  Tmut/Pois      32%        N/A       28%         5
 Eringya's Noxious Bog    Tmut/Pois      24%        4d6       36%         6
 Death Channel            Necr           24%        N/A       85%         6
 Ignition                 Fire           35%        3d11      88%         8
 Malign Gateway           Summ/Tloc      29%        N/A       98%         7
 Dragon's Call            Summ           24%        N/A       100%        9


Dungeon Overview and Level Annotations

Branches:
Dungeon (15/15)            Temple (1/1) D:7            Lair (5/5) D:10
 Shoals (0/4) Lair:3        Snake (4/4) Lair:2        Slime (1/5) Lair:4
    Orc (2/2) D:9             Elf (3/3) Orc:2        Vaults (0/5) D:14
 Depths (0/4) D:15          IceCv (visited)

Altars:
Ashenzari
Cheibriados
Dithmenos
Elyvilon
Fedhas
Gozag
Hepliaklqana
Kikubaaqudgha
Makhleb
Nemelex Xobeh
Okawaru
Qazlal
Ru
Sif Muna
Trog
Uskayaw
Vehumet
Wu Jian
Xom
Yredelemnul
Zin
The Shining One
Jiyva

Shops:
D:1 (   D:8 =   D:9 [(   Orc:1 !   Orc:2 ((?[   Snake:1 !

Portals:
Hell: Lair:5
Trove: D:13 (give 5 scrolls of blinking)

Annotations:
D:15 2 runed translucent doors, Tolur's ghost, adept DEFE
Lair:1 1 runed translucent door, xbox's ghost, journeyman FoAr
Lair:4 3 runed translucent doors, Uveod's ghost, journeyman FeEE
Elf:2 3 runed translucent doors


Message History

The deep elf blademaster is heavily wounded.
You kill the deep elf elementalist!
Vehumet accepts your kill.
You feel your power returning.
A +1 heavy long sword comes into view.
A deep elf master archer comes into view.
It is wearing a +0 ring mail of cold resistance, wearing the ring "Qapistren" {rPois MP+9 Dex+2} and quivering atropa-tipped darts.
Casting: Ozocubu's Refrigeration (dangerous; 1% risk of failure)
Confirm with . or Enter, or press ? or * to list all spells.
The heat is drained from your surroundings.
The deep elf death mage is almost dead.
The deep elf master archer resists.
The deep elf master archer is lightly wounded.
The deep elf blademaster resists.
The deep elf blademaster is severely wounded.
The +1 heavy long sword resists.
The +1 heavy long sword is lightly damaged.
You block the deep elf blademaster's attack.
The deep elf blademaster hits you with a +0 rapier!
The deep elf master archer throws an atropa-tipped dart.
The atropa-tipped dart misses you.
Casting: Ozocubu's Refrigeration (dangerous; 1% risk of failure)
Confirm with . or Enter, or press ? or * to list all spells.
The heat is drained from your surroundings.
You kill the deep elf death mage!
Vehumet accepts your kill.
The deep elf master archer resists.
The deep elf master archer is heavily wounded.
The deep elf blademaster resists.
The deep elf blademaster is almost dead.
The +1 heavy long sword resists.
The +1 heavy long sword is moderately damaged.
You block the deep elf blademaster's attack.
The deep elf blademaster closely misses you.
The deep elf master archer wields a +0 longbow.
The deep elf master archer shoots an arrow.
You block the arrow.
The deep elf blademaster hits you with a +0 rapier!
* * * LOW HITPOINT WARNING * * *
The deep elf blademaster hits you with a +0 rapier!
You die...

...# #.# ...#
#.# ...# #)#
...#
######)######
...#
#...§§)§≈)..#
...#
##...≈≈§§§...##
...#
.....≈§)§§(..))
...#
.#...≈§)≈§...##
...#
######@######
...#
..).....e......
...#
e..............
...#
.......⌠..)....
...#
.............).
...#
...............
...#
#.............#
...#
####.......####
####


You could see a deep elf blademaster, a deep elf master archer and a +1 heavy
long sword.

Vanquished Creatures
  A deep elf blademaster (Elf:3)
  A deep elf master archer (Elf:3)
  Frances (D:12)
  2 nagarajas (Snake:4)
  4 deep elf sorcerers
  A deep elf elementalist (Elf:3)
  An orc warlord (Orc:1)
  2 very ugly things (IceCv)
  8 deep elf demonologists (Elf:3)
  An ironbound thunderhulk (D:14)
  A dire elephant (Lair:5)
  2 deep elf annihilators (Elf:3)
  An ettin (D:15)
  4 deep elf death magi
  Josephine (Lair:4)
  3 deep elf high priests
  2 vault guards (D:14)
  3 caustic shrike simulacra (IceCv)
  Erolcha (D:12)
  7 hydras
  A catoblepas (D:15)
  5 ogre magi
  A salamander tyrant (Snake:4)
  2 centaur warriors
  22 two-headed ogres
  5 boulder beetles
  11 anacondas
  2 tengu warriors
  15 naga warriors
  A death yak (Lair:5)
  Urug (D:12)
  12 dancing weapons
  14 naga sharpshooters
  2 orc high priests (Elf:1)
  Sonja (D:13)
  9 shock serpents
  A sun demon (Lair:5)
  2 sea snakes (Snake:3)
  15 deep elf knights
  3 skeletal warriors (D:12)
  2 salamander mystics
  2 skysharks (Lair:5)
  2 spriggan simulacra (D:14)
  18 deep elf archers
  4 wizards
  5 naga ritualists
  Pikel (D:8)
  2 orange crystal statues (IceCv)
  2 necromancers (D:15)
  4 lindwurms (Snake:4)
  10 mana vipers
  14 deep elf zephyrmancers
  2 orc knights
  28 deep elf pyromancers
  4 orc sorcerers
  5 cyclopes
  15 salamanders
  3 manticores
  11 ugly things
  29 black mambas
  A merfolk siren (Lair:3)
  6 elephants
  A torpor snail (Lair:2)
  13 naga magi
  9 guardian serpents
  A gargoyle (D:11)
  12 cane toads
  4 orange demons (Lair:5)
  11 komodo dragons
  A smoke demon (Lair:5)
  3 freezing wraiths
  An unseen horror (D:11)
  4 rime drakes
  A golden dragon simulacrum (IceCv)
  2 ice devils (Lair:5)
  6 trolls
  A tengu conjurer (D:13)
  An anaconda simulacrum (IceCv)
  A polar bear (Lair:3)
  3 merfolk (Lair:3)
  3 alligator simulacra
  A hornet (D:10)
  Grinder (D:3)
  10 blink frogs
  12 dream sheep
  7 slime creatures
  35 yaks
  5 air elementals
  3 wyverns
  2 dire elephant simulacra
  A water elemental (Elf:2)
  2 shadows
  2 humans (D:14)
  5 basilisks
  2 vampires
  4 wraiths
  4 steam dragons
  2 fire elementals
  A minotaur simulacrum (D:14)
  2 vampire mosquitoes (D:12)
  3 wargs
  52 nagas
  An acid dragon (D:11)
  2 hydra simulacra (IceCv)
  3 hell hounds (Lair:5)
  Duvessa (D:7)
  7 water moccasins
  A black bear (shapeshifter) (D:13)
  18 orc warriors
  4 black bears
  An ice beast (D:7)
  A swamp drake (D:10)
  5 ettin simulacra (IceCv)
  A sky beast (D:8)
  28 ogres
  18 wolves
  6 centaurs
  2 lemures (D:8)
  3 phantoms
  A kobold brigand (D:5)
  Blork the orc (D:5)
  18 bullfrogs
  A scorpion (D:5)
  A gnoll sergeant (D:10)
  3 deep troll simulacra (D:14)
  3 earth elementals
  8 wights (D:8)
  A hornet simulacrum (D:14)
  Dowan (D:7)
  33 killer bees
  3 lindwurm simulacra (IceCv)
  2 howler monkeys (D:8)
  4 electric eels
  Crazy Yiuf (D:5)
  2 hounds
  6 jellies
  7 orc priests
  A sleepcap (D:5)
  18 orc wizards
  9 iguanas
  5 hell rats (Lair:2)
  8 adders
  4 white imps
  2 ufetubi
  3 worms
  84 orcs
  6 endoplasms
  3 giant cockroaches (D:1)
  7 goblins
  10 hobgoblins
  6 jackals
  6 kobolds
  3 quokkas
  8 ball pythons
  8 bats
  4 frilled lizards
  6 rats
975 creatures vanquished.

Vanquished Creatures (others)
  39 fulminant prisms
39 creatures vanquished.

Grand Total: 1014 creatures vanquished

Notes
Turn   | Place    | Note
-------+----------+-------------------------------------------
     0 | D:1      | DocEon the Deep Elf Conjurer began the quest for the Orb.
     0 | D:1      | Reached XP level 1. HP: 10/10 MP: 6/6
   177 | D:1      | Reached XP level 2. HP: 15/15 MP: 0/8
   408 | D:1      | Found Antaeb's Antique Weapon Boutique.
   690 | D:1      | Reached skill level 4 in Spellcasting
  1062 | D:2      | Reached XP level 3. HP: 19/19 MP: 6/10
  1345 | D:2      | Found a snail-covered altar of Cheibriados.
  1348 | D:2      | Reached skill level 5 in Spellcasting
  1348 | D:2      | Reached skill level 5 in Conjurations
  1406 | D:2      | Reached XP level 4. HP: 24/24 MP: 9/13
  1907 | D:3      | Found a faded altar of an unknown god.
  2077 | D:3      | Learned a level 2 spell: Searing Ray
  2082 | D:3      | Learned a level 4 spell: Fulminant Prism
  2087 | D:3      | Learned a level 4 spell: Iskenderun's Mystic Blast
  2413 | D:3      | Noticed Grinder
  2560 | D:3      | Reached skill level 1 in Hexes
  2593 | D:3      | Reached XP level 5. HP: 28/28 MP: 13/15
  2678 | D:3      | Paralysed by Grinder for 5 turns
  2685 | D:3      | Killed Grinder
  2686 | D:3      | Reached skill level 6 in Spellcasting
  2686 | D:3      | Reached XP level 6. HP: 20/32 MP: 13/17
  2816 | D:3      | Found a hazy altar of Hepliaklqana.
  2844 | D:3      | Found an iron altar of Okawaru.
  3172 | D:4      | Reached skill level 7 in Spellcasting
  3581 | D:4      | Reached XP level 7. HP: 36/36 MP: 11/19
  3731 | D:5      | Entered Level 5 of the Dungeon
  4242 | D:5      | Reached skill level 8 in Spellcasting
  4328 | D:5      | Noticed Blork the orc
  4333 | D:5      | Killed Blork the orc
  4634 | D:5      | Found a runed translucent door.
  4635 | D:5      | Noticed Crazy Yiuf
  4982 | D:5      | Reached skill level 9 in Spellcasting
  4982 | D:5      | Reached XP level 8. HP: 11/41 MP: 17/23
  5769 | D:6      | Reached skill level 10 in Spellcasting
  5950 | D:6      | Identified the +0 robe "Fatifoi" {Harm rN+ Str-5}
  6249 | D:6      | Learned a level 3 spell: Ozocubu's Armour
  6257 | D:6      | Learned a level 7 spell: Ozocubu's Refrigeration
  6497 | D:7      | Noticed Duvessa
  6497 | D:7      | Noticed Dowan
  6507 | D:7      | Killed Duvessa
  6508 | D:7      | Reached skill level 11 in Spellcasting
  6509 | D:7      | Killed Dowan
  6510 | D:7      | Reached skill level 1 in Ice Magic
  6708 | D:7      | Reached XP level 9. HP: 35/45 MP: 3/26
  7211 | D:7      | Found a staircase to the Ecumenical Temple.
  7221 | D:7      | Reached skill level 12 in Spellcasting
  7229 | Temple   | Entered the Ecumenical Temple
  7243 | Temple   | Became a worshipper of Vehumet
  8061 | D:8      | Reached skill level 13 in Spellcasting
  8275 | D:5      | Killed Crazy Yiuf
  8490 | D:8      | Noticed Pikel
  8502 | D:8      | Killed Pikel
  8503 | D:8      | Reached skill level 1 in Shields
  8572 | D:8      | Reached XP level 10. HP: 50/50 MP: 8/29
  8676 | D:8      | Found Lutt's One-of-a-Kind Rings.
  9215 | D:9      | Reached skill level 5 in Ice Magic
  9386 | D:9      | Reached * piety under Vehumet
  9386 | D:9      | Offered knowledge of Kiss of Death by Vehumet.
  9869 | D:9      | Reached skill level 14 in Spellcasting
  9933 | D:9      | Found a sacrificial altar of Ru.
  9987 | D:9      | Noticed a two-headed ogre
  9993 | D:9      | Killed a two-headed ogre
 10017 | D:9      | Reached ** piety under Vehumet
 10049 | D:9      | Offered knowledge of Foxfire by Vehumet.
 10520 | D:9      | Found Xucag's Armour Boutique.
 10523 | D:9      | Found a staircase to the Orcish Mines.
 10525 | D:9      | Found Iptimm's Weapon Boutique.
 10836 | D:10     | Entered Level 10 of the Dungeon
 10881 | D:10     | Offered knowledge of Volatile Blastmotes by Vehumet.
 11020 | D:10     | Learned a level 3 spell: Mephitic Cloud
 11026 | D:10     | Learned a level 5 spell: Fireball
 11355 | D:10     | Reached XP level 11. HP: 54/54 MP: 17/31
 11358 | D:10     | Reached *** piety under Vehumet
 11504 | D:10     | Noticed a frost giant
 11504 | D:10     | Noticed an orc knight
 11504 | D:10     | Noticed a four-headed hydra
 11504 | D:10     | Noticed a red ugly thing
 11517 | D:10     | Killed a red ugly thing
 11525 | D:10     | Killed a three-headed hydra
 11526 | D:10     | Reached skill level 10 in Conjurations
 11529 | D:10     | Killed an orc knight
 11530 | D:10     | Reached skill level 5 in Shields
 11530 | D:10     | Reached skill level 15 in Spellcasting
 12454 | D:10     | Identified the +8 hand axe of Skirmishing {drain, Int+4
                  | Dex+2 SInv}
 12688 | D:10     | Found a staircase to the Lair.
 12717 | Lair:1   | Entered Level 1 of the Lair of Beasts
 12718 | Lair:1   | Offered knowledge of Airstrike by Vehumet.
 13189 | Lair:1   | Reached skill level 16 in Spellcasting
 13413 | Lair:1   | Found a shimmering blue altar of Sif Muna.
 13660 | Lair:1   | Got a mumbling book
 13820 | Lair:1   | Reached **** piety under Vehumet
 14141 | Lair:1   | Found a runed translucent door.
 14141 | Lair:1   | Noticed xbox's ghost (journeyman FoAr)
 14422 | Lair:2   | Reached XP level 12. HP: 8/59 MP: 20/34
 14719 | Lair:2   | Noticed a six-headed hydra
 14728 | Lair:2   | Reached skill level 10 in Ice Magic
 14732 | Lair:2   | Killed a six-headed hydra
 14735 | Lair:2   | Offered knowledge of Stone Arrow by Vehumet.
 14863 | Lair:2   | Reached skill level 17 in Spellcasting
 15666 | Lair:2   | Found a staircase to the Snake Pit.
 15683 | Lair:2   | Identified the ring of Ewnaosmin {Contam MP+9 Str+6}
 16065 | Lair:3   | Reached skill level 18 in Spellcasting
 16961 | Lair:3   | Found a staircase to the Shoals.
 17532 | Lair:4   | Noticed Josephine
 17547 | Lair:4   | Reached skill level 19 in Spellcasting
 17548 | Lair:4   | Killed Josephine
 17653 | Lair:4   | Reached XP level 13. HP: 63/63 MP: 32/38
 17708 | Lair:4   | Found a runed translucent gate.
 17708 | Lair:4   | Found a runed translucent gate.
 17709 | Lair:4   | Found a runed translucent gate.
 17711 | Lair:4   | Noticed Uveod's ghost (journeyman FeEE)
 17798 | Lair:4   | Reached ***** piety under Vehumet
 17823 | Lair:4   | Offered knowledge of Freezing Cloud by Vehumet.
 17923 | Lair:4   | Learned a level 5 spell: Freezing Cloud
 18587 | Lair:4   | Found a viscous altar of Jiyva.
 18589 | Lair:4   | Found a staircase to the Slime Pits.
 18895 | Lair:5   | Entered Level 5 of the Lair of Beasts
 19699 | Lair:5   | Reached skill level 20 in Spellcasting
 20584 | Lair:5   | Noticed a dire elephant
 20785 | Slime:1  | Entered Level 1 of the Pits of Slime
 20785 | Slime:1  | Noticed a rockslime
 21257 | Lair:5   | Found a burning altar of Makhleb.
 21262 | Lair:5   | Found a gateway to Hell.
 21326 | Lair:5   | Killed a dire elephant
 21688 | D:11     | Reached XP level 14. HP: 68/68 MP: 34/40
 22188 | D:8      | Bought the ring of Kaschuufa {rPois rC+ Will+ Str+3 Dex+8}
                  | for 1191 gold pieces
 22273 | Orc:1    | Entered Level 1 of the Orcish Mines
 22425 | Orc:1    | Noticed an orc warlord
 22428 | Orc:1    | Offered knowledge of Irradiate by Vehumet.
 22431 | Orc:1    | Killed an orc warlord
 22432 | Orc:1    | Reached skill level 21 in Spellcasting
 22432 | Orc:1    | Reached skill level 1 in Fire Magic
 22637 | Orc:1    | Found Omephug's Distillery.
 22646 | Orc:1    | Bought a potion of heal wounds for 70 gold pieces
 22896 | Orc:2    | Entered Level 2 of the Orcish Mines
 23659 | Orc:2    | Offered knowledge of Conjure Ball Lightning by Vehumet.
 23660 | Orc:2    | Reached skill level 5 in Dodging
 24038 | Orc:2    | Reached skill level 22 in Spellcasting
 24229 | Orc:2    | Found Susah's Weapon Emporium.
 24229 | Orc:2    | Found Odawex's Weapon Shop.
 24230 | Orc:2    | Found Cetwuz's Magic Scroll Shop.
 24230 | Orc:2    | Found Moohidet's Armour Shoppe.
 24238 | Orc:2    | Bought a scroll of teleportation for 36 gold pieces
 24238 | Orc:2    | Bought a scroll of identify for 24 gold pieces
 24238 | Orc:2    | Bought a scroll of teleportation for 36 gold pieces
 24238 | Orc:2    | Bought a scroll of identify for 24 gold pieces
 24340 | Orc:2    | Found a staircase to the Elven Halls.
 25010 | D:11     | Found an opulent altar of Gozag.
 25012 | D:11     | Found a blossoming altar of Fedhas.
 25012 | D:11     | Found a shimmering altar of Xom.
 25014 | D:11     | Found a hide-covered altar of Uskayaw.
 25014 | D:11     | Found a white marble altar of Elyvilon.
 25014 | D:11     | Found a sacrificial altar of Ru.
 25271 | D:12     | Noticed Erolcha
 25276 | D:12     | Killed Erolcha
 25379 | D:12     | Noticed Urug
 25384 | D:12     | Killed Urug
 25384 | D:12     | Noticed Frances
 25496 | D:12     | Reached skill level 5 in Fire Magic
 25569 | D:12     | Killed Frances
 26045 | D:12     | Reached XP level 15. HP: 72/72 MP: 25/43
 26595 | D:13     | Noticed Sonja
 26645 | D:13     | Reached skill level 23 in Spellcasting
 26647 | D:13     | Killed Sonja
 26819 | D:13     | Reached skill level 15 in Conjurations
 27057 | D:13     | Got a parchment book
 27059 | D:13     | Got a foxed book
 27226 | D:13     | Found a portal to a secret trove of treasure.
 27421 | D:14     | Found a frozen archway.
 27434 | IceCv    | Entered an ice cave
 27692 | IceCv    | Identified the ring "Xenoje" {Ice Will- Str+6 Slay+6}
 27819 | D:14     | Reached skill level 24 in Spellcasting
 27998 | D:14     | Offered knowledge of Spellforged Servitor by Vehumet.
 28536 | D:14     | Found a gate to the Vaults.
 28599 | D:14     | Found a blossoming altar of Fedhas.
 28743 | D:15     | Entered Level 15 of the Dungeon
 28912 | D:15     | Found a staircase to the Depths.
 29072 | D:15     | Found a runed translucent door.
 29123 | D:15     | Found a runed translucent door.
 29129 | D:15     | Noticed a lich
 29135 | D:15     | Noticed Tolur's ghost (adept DEFE)
 29870 | Snake:1  | Entered Level 1 of the Snake Pit
 30052 | Snake:1  | Reached skill level 25 in Spellcasting
 30326 | Snake:1  | Found Qaots's Distillery.
 30368 | Snake:1  | Reached XP level 16. HP: 76/76 MP: 47/47
 31606 | Snake:2  | Reached ****** piety under Vehumet
 31607 | Snake:2  | Reached skill level 26 in Spellcasting
 32231 | Snake:3  | Reached skill level 1 in Fighting
 32285 | Snake:3  | Offered knowledge of Iskenderun's Battlesphere by Vehumet.
 32311 | Snake:3  | Learned a level 5 spell: Iskenderun's Battlesphere
 33072 | Snake:4  | Entered Level 4 of the Snake Pit
 34318 | Snake:4  | Reached skill level 5 in Stealth
 34318 | Snake:4  | Reached XP level 17. HP: 86/86 MP: 46/49
 34422 | Snake:4  | Offered knowledge of Lee's Rapid Deconstruction by Vehumet.
 35011 | Snake:4  | Got a serpentine rune of Zot
 35480 | Elf:1    | Entered Level 1 of the Elven Halls
 35550 | Elf:1    | Found a flickering gateway to a bazaar.
 35554 | Bazaar   | Entered a bazaar
 35619 | Bazaar   | Found Bodari Nurol's Weapon Shop.
 35647 | Bazaar   | Found Zikag's Assorted Antiques.
 35676 | Bazaar   | Found Gotolae's Magic Scroll Shop.
 35676 | Bazaar   | Found Hassidow's Distillery.
 35682 | Bazaar   | Bought a scroll of blinking for 82 gold pieces
 35682 | Bazaar   | Bought 2 scrolls of teleportation for 66 gold pieces
 36050 | Elf:1    | Learned a level 8 spell: Lehudib's Crystal Spear
 36336 | Elf:1    | Reached skill level 27 in Spellcasting
 36336 | Elf:1    | Reached skill level 1 in Earth Magic
 36547 | Elf:2    | Offered knowledge of Maxwell's Capacitive Coupling by
                  | Vehumet.
 36656 | Elf:2    | Learned a level 8 spell: Maxwell's Capacitive Coupling
 37056 | Elf:2    | Found a runed translucent gate.
 37056 | Elf:2    | Found a runed translucent gate.
 37056 | Elf:2    | Found a runed translucent gate.
 37183 | Elf:2    | Reached XP level 18. HP: 90/92 MP: 51/51
 37388 | Elf:3    | Entered Level 3 of the Elven Halls
 38151 | Elf:3    | Offered knowledge of Fire Storm by Vehumet.
 38151 | Elf:3    | Offered knowledge of Shatter by Vehumet.
 38151 | Elf:3    | Offered knowledge of Polar Vortex by Vehumet.
 38232 | Elf:3    | Paralysed by an air elemental for 1 turns
 38418 | Elf:3    | Paralysed by an air elemental for 1 turns
 38590 | Elf:3    | Noticed an Ice Fiend
 38679 | Elf:3    | Reached skill level 5 in Earth Magic
 38753 | Elf:3    | Identified the +7 morningstar of Focus {drain, rPois rN+
                  | SInv}
 38758 | Elf:3    | Identified the ring "Qapistren" {rPois MP+9 Dex+2}
 38760 | Elf:3    | Slain by a deep elf blademaster

Illustrated notes

Levels and vault maps discovered:
D:1:      dpeg_arrival_concentric_ovals, layout_loops_ring, serial_shops, shop,
          minmay_misc_feat_tower
D:2:      layout_basic, basic_altar
D:3:      layout_basic, mainiacjoe_overflow_catwalk_spiral,
          chequers_ecumenical_altar_simple, uniq_grinder
D:4:      layout_cave_pools
D:5:      layout_loops_corners, lexackson_kobold_supper,
          uniq_crazy_yiuf_cottage, uniq_blork_the_orc
D:6:      layout_cave_pools, nicolae_underground_beach
D:7:      layout_cave_pools, temple_statues, grunt_ministairs_4, uniq_duvessa
D:8:      layout_rooms, nicolae_shop_unique_rings, grunt_decor_cap, uniq_pikel
D:9:      layout_small_grid, nicolae_ru_awakened_eye, orc_david_3, minivault_21,
          eino_jars
D:10:     layout_basic, erik_lair_dragon, wad_scary_box
D:11:     layout_basic, doesnt_xom_only_xom
D:12:     layout_gridville, uniq_erolcha, uniq_urug, uniq_frances
D:13:     cheibrodos_lost_city_excavation, layout_rooms, trove_entry_hex_spiral,
          uniq_sonja
D:14:     layout_loops_corners, hellmonk_vaults_keyhole,
          portal_ice_cave_entry_ice_simulacra, reono_crystal_passage,
          fedhas_altar_2
D:15:     hangedman_depths_entry_civil_slaughter, layout_irregular_city,
          serial_column_ruins, column_ruins_hut, column_ruins_open_tiny,
          column_ruins_grid_1, column_ruins_open_small,
          column_ruins_columns_dead_end, column_ruins_columns_corner,
          muffindrake_ghost_dual_entry, dreamdust_mushroom_princess
Temple:   nicolae_temple_bog_church
Lair:1:   layout_roguey, ebering_ghost_inner_flame, basic_altar,
          beast_lair_carwin_3, grunt_megastairs_4, infiniplex_staircase_pool
Lair:2:   layout_roguey, minmay_snake_entry_spellcaster, lemuel_fruit_tree
Lair:3:   layout_cave_pods, elwin_shoals_entry_stream
Lair:4:   layout_small_grid, nicolae_slime_entry_field_trip,
          gammafunk_ghost_necromancy, uniq_josephine
Lair:5:   evil_forest, layout_long_grid, infiniplex_staircase_pool_2
Snake:1:  layout_basic, serial_shops, nicolae_take_the_stairs,
          serial_bayou_shore_b
Snake:2:  layout_cave_pods
Snake:3:  layout_cave_shapes, nicolae_snake_gridmaze_waves, nicolae_snake_bzzzt
Snake:4:  snake_pit_salamanders_mu, layout_misc_corridors
Slime:1:  layout_caves
Orc:1:    layout_caves, serial_shops, shop_statue
Orc:2:    st_orc_ogre_mass, layout_caves, nicolae_orc_tapped_out
Elf:1:    layout_geoelf_grid, serial_shops, bzr_entry_dummy, evilmike_minifort,
          drop_trap
Elf:2:    elven_hall_of_blades_hangedman_original [grunt_blade_entry_basic],
          layout_geoelf_octagon
Elf:3:    elf_hall_gauntlet_narrow, layout_onion_city

Skill      XL: |  1  2  3  4  5  6  7  8  9 10 11 12 13 14 15 16 17 18 |
---------------+-------------------------------------------------------+-----
Spellcasting   | 4 5 6 7 9 11 13 14 16 19 20 22 25 26 27 | 27.0
Conjurations   | 5 6 7 9 10 12 13 14 16 17 18 19 | 19.3
Hexes          | 1 2 3 4 |  4.0
Translocations | 2 3 4 |  4.0
Ice Magic      | 1 4 7 9 10 13 | 13.3
Shields        | 1 4 5 7 8 |  8.8
Fire Magic     | 5 |  5.0
Dodging        | 5 6 8 9 |  9.5
Stealth        | 5 6 |  6.2
Fighting       | 2 3 |  3.6
Earth Magic    | 3 5 |  5.0

Action                     |  1- 3 |  4- 6 |  7- 9 | 10-12 | 13-15 | 16-18 || total
---------------------------+-------+-------+-------+-------+-------+-------++-------
  Melee: Unarmed           |       |     3 |       |       |       |       ||     3
         Mace              |       |       |       |     9 |       |       ||     9
         Hand axe          |       |       |       |    19 |       |     6 ||    25
   Cast: Magic Dart        |    74 |    87 |   195 |   246 |    23 |    32 ||   657
         Searing Ray       |       |    12 |    31 |    23 |     2 |     1 ||    69
         Fulminant Prism   |       |     1 |     8 |    24 |     5 |     1 ||    39
         Iskenderun's Myst |       |       |    28 |   170 |    54 |    75 ||   327
         Fireball          |       |       |       |    40 |    98 |     3 ||   141
         Ozocubu's Refrige |       |       |       |     3 |   232 |   362 ||   597
         Mephitic Cloud    |       |       |       |     2 |     4 |       ||     6
         Freezing Cloud    |       |       |       |       |    46 |     5 ||    51
         Ozocubu's Armour  |       |       |       |       |     2 |     1 ||     3
         Iskenderun's Batt |       |       |       |       |       |     3 ||     3
    Use: Scroll            |     3 |     6 |     4 |     6 |     8 |     4 ||    31
         Potion            |       |     1 |       |     2 |       |     1 ||     4
 Armour: Robe              |     1 |    39 |    65 |    89 |    25 |    65 ||   284
  Dodge: Dodged            |     6 |    35 |    39 |    45 |    20 |    47 ||   192
  Block: Buckler           |       |       |     1 |    29 |     4 |    10 ||    44
         Kite shield       |       |       |       |       |       |    18 ||    18

Table legend: (Time is in decaauts)
 A = Elapsed time spent in this place.
 B = Non-inter-level travel time spent in this place.
 C = Inter-level travel time spent in this place.
 D = Time resting spent in this place.
 E = Time spent auto-exploring this place.
 F = Levels seen in this place.
 G = Mean time per level.
                   A        B        C        D        E       F      G
               +--------+--------+--------+--------+--------+-----+--------+
         Total |  38851 |  36527 |   2324 |  10117 |  21586 |  33 | 1177.3 |
       Dungeon |  18509 |  17251 |   1258 |   4283 |  10753 |  15 | 1233.9 |
        Temple |     28 |      2 |     26 |      0 |      0 |   1 |   28.0 |
          Lair |   9008 |   8621 |    387 |   2475 |   5101 |   5 | 1801.6 |
     Snake Pit |   5429 |   4959 |    470 |   1410 |   2898 |   4 | 1357.2 |
    Slime Pits |      1 |      1 |      0 |      0 |      0 |   1 |    1.0 |
  Orcish Mines |   2293 |   2187 |    106 |   1060 |    872 |   2 | 1146.5 |
   Elven Halls |   3135 |   3058 |     77 |    766 |   1766 |   3 | 1045.0 |
        Bazaar |    146 |    146 |      0 |      0 |    133 |   1 |  146.0 |
      Ice Cave |    297 |    297 |      0 |    123 |     63 |   1 |  297.0 |
               +--------+--------+--------+--------+--------+-----+--------+

Top non-repeatable levels by time:
  Lair:5: 2437 daAuts
     D:5: 2058 daAuts
    D:10: 1903 daAuts
  Lair:1: 1795 daAuts
  Lair:2: 1758 daAuts
 Snake:4: 1751 daAuts
     D:9: 1738 daAuts
  Lair:4: 1562 daAuts
     D:8: 1519 daAuts
   Orc:1: 1494 daAuts
  Lair:3: 1455 daAuts
    D:12: 1446 daAuts
   Elf:3: 1371 daAuts
 Snake:1: 1357 daAuts
 Snake:3: 1348 daAuts
